 Dungeon Sprint DCSS version 0.30-a0-219-gf2db51d15e (webtiles) character file.

Game seed: 18072736884372391111

12 shadowstone the Trooper (level 1, -5/22 HPs)
             Began as a Minotaur Berserker on Oct 7, 2022.
             Was a Believer of Trog.
             Succumbed to a redback's poison
             ... in the Dungeon (Sprint VI: "Thunderdome").
             The game lasted 00:02:54 (191 turns).

shadowstone the Trooper (Minotaur Berserker)         Turns: 191, Time: 00:02:55

Health: -5/22      AC:  2    Str: 21    XL:     1   Next: 83%
Magic:  0/0        EV: 12    Int:  4    God:    Trog [**....]
Gold:   220        SH:  0    Dex:  9    Spells: 0/0 levels left

rFire   . . .      SeeInvis .    a - +0 falchion
rCold   . . .      Faith    .    (no shield)
rNeg    . . .      Spirit   .    b - +0 animal skin
rPois   .          Reflect  .    (helmet restricted)
rElec   .          Harm     .    (no cloak)
rCorr   .          Rampage  .    (no gloves)
Will    .....      NoTele   +    (no boots)
Stlth   +.........               (no amulet)
HPRegen 0.23/turn                (no ring)
MPRegen 0.07/turn                (no ring)

@: lethally poisoned (-5 -> -55)
A: horns 2, retaliatory headbutt
a: Renounce Religion, Berserk, Trog's Hand


You were in the Dungeon.
You worshipped Trog.
Trog was pleased with you.
You visited 1 branch You collected 220 gold pieces.

Inventory:

Hand Weapons
 a - a +0 falchion (weapon)
Armour
 b - a +0 animal skin (worn)
Wands
 j - a wand of quicksilver (5)
 k - a wand of iceblast (5)
Scrolls
 h - 4 scrolls of blinking
 l - 3 scrolls of butterflies
Potions
 d - 4 potions of heal wounds
 e - 4 potions of haste
 f - 2 potions of magic
 g - a potion of berserk rage
 i - a potion of resistance


   Skills:
 + Level 4.6 Fighting
 + Level 4.5 Long Blades
 + Level 2.8 Armour
 + Level 2.6 Dodging


You couldn't memorise any spells.
You didn't know any spells.
Your spell library was empty.

Dungeon Overview and Level Annotations

Branches:
Dungeon (1/1)

Altars:
Cheibriados
Dithmenos
Fedhas
Gozag
Kikubaaqudgha
Makhleb
Okawaru
Qazlal
Ru
Sif Muna
Trog
Uskayaw
Vehumet
Wu Jian
Xom
Yredelemnul
Zin
The Shining One
Lugonu

Shops:
D *[??*?*:[((!!!!


Innate Abilities, Weirdness & Mutations

You have a pair of horns on your head.
You reflexively headbutt those who attack you in melee.


Message History

The giant cockroach barely misses you.
The goblin hits you with a +0 dagger of speed.
Unknown command.
You hit the giant cockroach. You headbutt the giant cockroach.
You kill the giant cockroach!
Trog accepts your kill. The goblin misses you. The goblin barely misses you.
You furiously retaliate!
You headbutt the goblin!
You kill the goblin!
Trog accepts your kill.
Victory!
Score multiplier: 2x You now have 12 arena points (gained 12).
You now have 220 gold pieces (gained 20).
Things that are here:
a +0 dagger of speed; a goblin corpse Get ready!
ROUND 2!
FIGHT!
LIGHTNING ROUND!
You sense a tension in the north.
A redback comes into view.
You closely miss the redback. The redback misses you. You furiously retaliate!
You headbutt the redback, but do no damage.
You hit the redback. Your headbutt misses the redback.
The redback is moderately wounded.
The redback bites you!
Ouch! That really hurt!
You are lethally poisoned!
The redback poisons you! The redback barely misses you.
Unknown command.
You feel better. The redback bites you!
You are lethally poisoned!
The redback poisons you!
Aiming: Iceblast
Press: ? - help, Shift-Dir - straight line, f - redback
Aim: a redback (lightly wounded)
Okay, then.
You hit the redback but do no damage.
The redback is lightly wounded. 50...
Ouch! That really hurt!
You die...

###..)......###
#⌠........†..§#
####.8.........8.######
___......###......__.∩##
.......8.# #.8........∩###
.........###.............#
......###...###..........⌠#
......# #.<.# #.s........⌠#
......###...###.@........⌠#
.........###.............##
.......8.# #.8........∩###
___......###......___∩##
####.8.........8.######
#⌠...........⌠#
###.........### #_......._#
#.........#


You could see a redback.

Vanquished Creatures
  A giant cockroach (D)
  2 goblins (D)
  A jackal (D)
  A kobold (D)
5 creatures vanquished.

Notes
Turn   | Place    | Note
-------+----------+-------------------------------------------
     0 | D        | shadowstone the Minotaur Berserker began the quest for the
                  | Orb.
     0 | D        | Reached XP level 1. HP: 19/19 MP: 0/0
     4 | D        | Found a basalt altar of Yredelemnul.
     4 | D        | Found a radiant altar of Vehumet.
     5 | D        | Found an opulent altar of Gozag.
     5 | D        | Found a blossoming altar of Fedhas.
     5 | D        | Round 1.
     6 | D        | Found a shadowy altar of Dithmenos.
     6 | D        | Found a snail-covered altar of Cheibriados.
     7 | D        | Found a bloodstained altar of Trog.
     7 | D        | Found a shimmering blue altar of Sif Muna.
     7 | D        | Found Esiwirus's Magic Scroll Shop.
     7 | D        | Found Keucseox's Staff Store.
     8 | D        | Found Votiurro's Magic Scroll Shop.
     8 | D        | Found Ditwewn's Must-Have Magic.
    33 | D        | Found a glowing silver altar of Zin.
    35 | D        | Found a glowing golden altar of the Shining One.
    38 | D        | Found Kakhlaew's Distillery.
    39 | D        | Found a shimmering altar of Xom.
    39 | D        | Found a sacrificial altar of Ru.
    39 | D        | Found Heytiwo's Do-It-Yourself Clinic.
    40 | D        | Found Orayga's Distillery.
    40 | D        | Found Gulauluu's Bottled Wisdom.
    60 | D        | Found an iron altar of Okawaru.
    63 | D        | Found Hibes's Weapon Rack.
    65 | D        | Found a stormy altar of Qazlal.
    65 | D        | Found a hide-covered altar of Uskayaw.
    65 | D        | Found Xoyfuem's Premium Goods.
    66 | D        | Found Juhi's Basic Armour.
    66 | D        | Found Ytefol's Miscellaneous Merchandise.
    87 | D        | Found an ornate altar of the Wu Jian Council.
    88 | D        | Found a burning altar of Makhleb.
    89 | D        | Found a corrupted altar of Lugonu.
    89 | D        | Found Caforeth's Identification Station.
    91 | D        | Found an ancient bone altar of Kikubaaqudgha.
    93 | D        | Found Motiassi's Advanced Armour.
    93 | D        | Found Jawudgh's Jewellery.
   122 | D        | Reached ** piety under Trog
   127 | D        | Arena points: 12 (+12) [x2]
   183 | D        | Round 2.
   184 | D        | Noticed a redback
   191 | D        | Succumbed to a redback's poison

Illustrated notes

Levels and vault maps discovered:
D:        arena_sprint

Skill      XL: |  1 |
---------------+----+-----
Fighting       | 4 |  4.6
Long Blades    | 4 |  4.5
Armour         | |  2.8
Dodging        | |  2.6

Action                   || total
-------------------------++-------
Melee: Falchion          ||    18
       Headbutt          ||     3
  Use: Potion            ||     1
Armor: Animal skin       ||     4
Dodge: Dodged            ||    17

Table legend: (Time is in decaauts)
 A = Elapsed time spent in this place.
 B = Non-inter-level travel time spent in this place.
 C = Inter-level travel time spent in this place.
 D = Time resting spent in this place.
 E = Time spent auto-exploring this place.
 F = Levels seen in this place.
 G = Mean time per level.
                   A        B        C        D        E       F      G
               +--------+--------+--------+--------+--------+-----+--------+
         Total |    192 |    190 |      2 |      0 |      0 |   1 |  192.0 |
       Dungeon |    192 |    190 |      2 |      0 |      0 |   1 |  192.0 |
               +--------+--------+--------+--------+--------+-----+--------+

Top non-repeatable levels by time:
       D: 192 daAuts
